 Dungeon Sprint DCSS version 0.17-a0-1564-g7b572aa (webtiles) character file.

3378 DEFE the Grappler (level 9, -3/105 HPs)
             Began as a Troll Berserker on July 21, 2015.
             Was an Elder of Trog.
             Slain by an elephant (16 damage)
             ... in the Dungeon (Sprint II: "The Violet Keep of Menkaure").
             The game lasted 00:04:48 (577 turns).

DEFE the Grappler (Troll Berserker)                  Turns: 577, Time: 00:04:48

Health: -3/105     AC:  8    Str: 30    XL:     9   Next: 74%
Magic:  8/8        EV: 12    Int:  3    God:    Trog [****..]
Gold:   104        SH:  0    Dex: 13    Spells: 0 memorised, 8 levels left

rFire  + . .     SeeInvis .       - Unarmed
rCold  . . .     Clarity  .     k - +0 robe "Lotaxuz" {MR+ Regen+ rCorr} (curse)
rNeg   . . .     SustAt   .     (no shield)
rPois  .         Gourm    +     (helmet restricted)
rElec  +         Spirit   .     j - +2 cloak
rCorr  +         Warding  .     (gloves unavailable)
rMut   .         NoTele   +     (boots unavailable)
MR     +++..                    (no amulet)
Stlth  +.........               (no ring)
                                p - ring of Voaw {rElec rF+ EV-3 Dex+4} (curse)

@: exhausted, regenerating, slowed, very slow, extremely resistant to hostile
enchantments, very unstealthy
A: unfitting armour, claws 3, fast metabolism 3, gourmand, regeneration 2,
shaggy fur 1, tough skin 2
a: Burn Spellbooks, Berserk, Trog's Hand, Brothers in Arms, Renounce Religion


You were in the Dungeon.
You worshipped Trog.
Trog was greatly pleased with you.
You were not hungry.

You visited 1 branch You collected 1065 gold pieces.
You spent 961 gold pieces at shops.

Inventory:

Armour
 a - a +0 animal skin
 j - a +2 cloak (worn)
 k - the cursed +0 robe "Lotaxuz" (worn) {MR+ Regen+ rCorr}
   (You bought it in a shop in the Dungeon)

   It affects your resistance to hostile enchantments.
   It increases your rate of regeneration.
   It protects you from acid and corrosion.
   It has a curse placed upon it.
Jewellery
 p - the cursed ring of Voaw (left claw) {rElec rF+ EV-3 Dex+4}
   (You bought it in a shop in the Dungeon)

   [ring of evasion]

   It affects your evasion (-3).
   It affects your dexterity (+4).
   It protects you from fire.
   It insulates you from electricity.
   It has a curse placed upon it.
Scrolls
 h - a scroll of blinking
Potions
 c - 2 potions of curing
 d - 2 potions of heal wounds
 e - a potion of haste
 f - 2 potions of magic
 g - a potion of berserk rage
Comestibles
 b - 2 bread rations
 l - 3 meat rations
 m - a beef jerky
 n - a royal jelly
 o - a slice of pizza


   Skills:
 + Level 11.3 Fighting
 + Level 11.3 Dodging
 + Level 13.2 Unarmed Combat


You had 8 spell levels left.
You didn't know any spells.

Dungeon Overview and Level Annotations

Branches:
Dungeon (1/1)

Altars:
Cheibriados
Dithmenos
Elyvilon
Fedhas
Gozag
Kikubaaqudgha
Makhleb
Nemelex Xobeh
Okawaru
Ru
Sif Muna
Trog
Vehumet
Xom
Yredelemnul
Zin
The Shining One
Beogh
Jiyva
Lugonu

Shops:
D :([==!!!:(?[=(}

Annotations:
D exclusion: oklob plant, Kirke


Innate Abilities, Weirdness & Mutations

You are too large for most types of armour.
You have claws for hands.
Your metabolism is lightning-fast.
You like to eat raw meat.
You heal very quickly.
You are covered in fur (AC +1).
You have very tough skin (AC +2).


Message History

The elephant barely misses you.
Your ogre hits the elephant with a giant club!!
Something hits your ogre!
There is an open door here.
You claw the elephant!
The elephant begins to bleed from its wounds!
The elephant is severely wounded.
Your ogre hits the elephant with a giant club!
The elephant tramples you!
* * * LOW HITPOINT WARNING * * *
You stumble backwards!
The centaur warrior wields a longbow.
The centaur warrior shoots an arrow.
The arrow hits your ogre!
Your ogre dies!
Your ogre's corpse disappears in a puff of smoke!
Use which ability? (? or * to list)
Your ogre goes berserk!
You feel somewhat more hungry. The elephant tramples you!
* * * LOW HITPOINT WARNING * * *
You stumble backwards!
The elephant tramples you!
You die...

##########≈≈#+++#+++##
#########≈≈cY.()c....#
.....∩.∩#≈≈≈≈.##(##..# #.
....∩.∩.#≈≈≈≈##(#.##.#### +.###
...∩.∩..#≈≈≈≈#.c#..#....# ...##
..∩.∩...#≈≈####...####..## #..##
.⌠.∩....#≈##.###'###.##..# +..#.
..∩.∩...#≈#...##Y###..#..# #..#.
...∩.∩..'≈'.#)'O@.'.##'..####..##
....∩.∩.#≈#...##.###..#....###§..
▓▓▓▓▓▓###≈##.###'###.##......≈≈≈≈
a.H######≈≈####.#.####≈≈.....≈#+#
?.a#. ##≈≈≈#..#..#≈§≈≈≈≈≈..≈#..
∩P(+$ #†#≈##.#.##≈≈≈≈≈≈≈≈.≈#..
:.$#)# #.#≈≈##'##≈§≈≈≈≈≈≈≈≈≈#._
).. ## ####≈≈≈≈§§§≈≈≈≈≈≈≈§≈§#_.
#+ #+++#§''#§§§§≈≈§≈≈#._


You could see an elephant (bleeding), a centaur warrior and a friendly ogre
(berserk).

Vanquished Creatures
  A yaktaur captain (D)
  A siren (D)
  A kobold demonologist (D)
  A yaktaur (D)
  3 polar bears (D)
  2 boulder beetles (D)
  A vampire mosquito (D)
  4 necrophages (D)
  A wasp (D)
  2 crocodiles (D)
  4 lava snakes (D)
  4 worker ants (D)
25 creatures vanquished.

Vanquished Creatures (others)
  Menkaure (D)
  4 tentacles (D)
  43 tentacle segments (D)
48 creatures vanquished.

Grand Total: 73 creatures vanquished

Notes
Turn   | Place    | Note
--------------------------------------------------------------
     0 | D        | DEFE the Troll Berserker began the quest for the Orb.
     0 | D        | Reached XP level 1. HP: 22/22 MP: 0/0
     1 | D        | Noticed a necrophage
     1 | D        | Noticed a necrophage
     1 | D        | Noticed a necrophage
     1 | D        | Noticed a necrophage
     7 | D        | Killed a necrophage
     7 | D        | Reached skill level 4 in Fighting
     7 | D        | Reached skill level 5 in Unarmed Combat
     7 | D        | Reached XP level 2. HP: 33/33 MP: 1/1
     7 | D        | Reached XP level 3. HP: 41/41 MP: 2/2
     7 | D        | Reached XP level 4. HP: 49/49 MP: 3/3
    10 | D        | Killed a necrophage
    10 | D        | Reached skill level 5 in Fighting
    10 | D        | Reached skill level 5 in Dodging
    10 | D        | Reached skill level 7 in Unarmed Combat
    10 | D        | Reached XP level 5. HP: 59/59 MP: 4/4
    14 | D        | Killed a necrophage
    14 | D        | Reached XP level 6. HP: 68/68 MP: 5/5
    15 | D        | Killed a necrophage
    15 | D        | Reached skill level 8 in Unarmed Combat
    30 | D        | Killed Menkaure
    56 | D        | Noticed a siren
    69 | D        | Killed a siren
    69 | D        | Reached skill level 9 in Unarmed Combat
    69 | D        | Reached XP level 7. HP: 66/80 MP: 6/6
   103 | D        | Noticed a worker ant
   103 | D        | Noticed a worker ant
   105 | D        | Killed a worker ant
   105 | D        | Acquired Trog's second power
   107 | D        | Killed a worker ant
   107 | D        | Reached skill level 10 in Unarmed Combat
   108 | D        | Noticed a worker ant
   108 | D        | Noticed a worker ant
   114 | D        | Killed a worker ant
   119 | D        | Killed a worker ant
   146 | D        | Noticed a boulder beetle
   146 | D        | Noticed a boulder beetle
   156 | D        | Killed a boulder beetle
   161 | D        | Killed a boulder beetle
   161 | D        | Reached XP level 8. HP: 92/92 MP: 7/7
   204 | D        | Found Peomo's Antique Weapon Emporium.
   204 | D        | Found Fezonozo's Book Shoppe.
   204 | D        | Found Deuguisi's Distillery.
   204 | D        | Found Aligg's Distillery.
   204 | D        | Found Eshrasyal's Magic Scroll Shoppe.
   204 | D        | Found Qamneo's Distillery.
   205 | D        | Found Fotix's Jewellery Shoppe.
   205 | D        | Found Jokuafus's Antique Armour Emporium.
   205 | D        | Found Bigg's Jewellery Shoppe.
   205 | D        | Found Fyedgh's Gadget Shoppe.
   205 | D        | Found Oveidipa's Weapon Emporium.
   206 | D        | Found Usujyrae's Antique Weapon Shoppe.
   206 | D        | Found Oxzab's Food Emporium.
   206 | D        | Noticed a griffon
   207 | D        | Found Sucwozemm's Antique Armour Shoppe.
   207 | D        | Found Mots's Jewellery Emporium.
   207 | D        | Noticed a griffon
   208 | D        | Noticed a crocodile
   208 | D        | Noticed a griffon
   208 | D        | Noticed an oklob plant
   208 | D        | Noticed a soldier ant
   209 | D        | Found Zooja's Book Shoppe.
   209 | D        | Noticed a soldier ant
   212 | D        | Noticed a soldier ant
   215 | D        | Killed a crocodile
   215 | D        | Acquired Trog's third power
   232 | D        | Bought an embroidered cloak for 112 gold pieces
   232 | D        | Bought a transparent robe for 142 gold pieces
   242 | D        | Identified the cursed +0 robe "Lotaxuz" {MR+ Regen+ rCorr} (You bought it in a shop in the Dungeon)
   252 | D        | Bought a meat ration for 65 gold pieces
   252 | D        | Bought a meat ration for 65 gold pieces
   252 | D        | Bought a beef jerky for 19 gold pieces
   252 | D        | Bought a royal jelly for 26 gold pieces
   252 | D        | Bought a meat ration for 65 gold pieces
   252 | D        | Bought a slice of pizza for 19 gold pieces
   255 | D        | Bought a potion of curing for 42 gold pieces
   255 | D        | Bought a potion of heal wounds for 70 gold pieces
   262 | D        | Bought the cursed ring of Voaw {rElec rF+ EV-3 Dex+4} for 336 gold pieces
   290 | D        | Found an iron altar of Okawaru.
   292 | D        | Found a radiant altar of Vehumet.
   293 | D        | Noticed a crocodile
   293 | D        | Found a basalt altar of Yredelemnul.
   293 | D        | Found a snail-covered altar of Cheibriados.
   301 | D        | Killed a crocodile
   301 | D        | Reached skill level 11 in Unarmed Combat
   309 | D        | Found a viscous altar of Jiyva.
   309 | D        | Found a white marble altar of Elyvilon.
   310 | D        | Found an opulent altar of Gozag.
   311 | D        | Found a sacrificial altar of Ru.
   311 | D        | Found a sparkling altar of Nemelex Xobeh.
   311 | D        | Found a corrupted altar of Lugonu.
   312 | D        | Found a blossoming altar of Fedhas.
   312 | D        | Found an ancient bone altar of Kikubaaqudgha.
   312 | D        | Found a glowing golden altar of the Shining One.
   313 | D        | Found a roughly hewn altar of Beogh.
   313 | D        | Found a deep blue altar of Sif Muna.
   313 | D        | Found a shimmering altar of Xom.
   314 | D        | Found a glowing silver altar of Zin.
   314 | D        | Found a burning altar of Makhleb.
   316 | D        | Found a shadowy altar of Dithmenos.
   316 | D        | Found a bloodstained altar of Trog.
   317 | D        | Noticed a yaktaur
   317 | D        | Noticed a wasp
   317 | D        | Noticed a polar bear
   318 | D        | Noticed a polar bear
   321 | D        | Killed a polar bear
   322 | D        | Noticed a polar bear
   326 | D        | Killed a polar bear
   328 | D        | Killed a polar bear
   328 | D        | Reached skill level 10 in Fighting
   328 | D        | Reached skill level 10 in Dodging
   329 | D        | Killed a wasp
   331 | D        | Killed a yaktaur
   331 | D        | Reached skill level 12 in Unarmed Combat
   331 | D        | Reached XP level 9. HP: 92/102 MP: 8/8
   371 | D        | Noticed a crocodile
   374 | D        | Noticed a crocodile
   376 | D        | Noticed a kraken
   400 | D        | Noticed an obsidian statue
   416 | D        | Noticed a vampire mosquito
   420 | D        | Killed a vampire mosquito
   449 | D        | Noticed a lava snake
   455 | D        | Noticed a lava snake
   456 | D        | Noticed a lava snake
   457 | D        | Noticed a lava snake
   467 | D        | Killed a lava snake
   467 | D        | Received a gift from Trog
   469 | D        | Killed a lava snake
   470 | D        | Killed a lava snake
   472 | D        | Killed a lava snake
   545 | D        | Noticed Kirke
   545 | D        | Noticed a kobold demonologist
   545 | D        | Noticed a yaktaur captain
   560 | D        | Killed a kobold demonologist
   565 | D        | Noticed an elephant
   566 | D        | Noticed a centaur warrior
   566 | D        | Killed a yaktaur captain
   566 | D        | Reached skill level 13 in Unarmed Combat
   577 | D        | Slain by an elephant

Vault maps used:
D:        the_violet_keep_of_menkaure

Action                   |  1- 3 |  4- 6 |  7- 9 || total
-------------------------+-------+-------+-------++-------
Melee: Unarmed           |     4 |    20 |    61 ||    85
Invok: Berserk           |     1 |       |     4 ||     5
       Brothers in Arms  |       |       |     2 ||     2
       Trog's Hand       |       |       |     1 ||     1
  Eat: Chunk             |       |       |    12 ||    12
